Map: Frozen Temple

Players

IIIIIIIIIIII - Winner!

  • Race: Terran Terran
  • League: Master

Miszu

  • Race: Terran Terran
  • League: Grandmaster

VOD

Have the link to the VOD?

Description

Time

  • Played on: May 27, 2016, 4:26 p.m.
  • Length: 20:48
Show
View Real Time Build Order
Export as new Build Order

IIIIIIIIIIII Terran - Winner!

Build Orders: Reaper Expand, Bio Tank 

Get SALT Encoding   

  12  0:01  SCV  
  13  0:13  SCV  
  14  0:18  Supply Depot  
  14  0:25  SCV  
  15  0:39  SCV  
  15  0:42  Barracks  
  16  0:44  Refinery  
  16  0:51  SCV  
  17  1:04  SCV  
  18  1:16  SCV  
  19  1:29  Orbital Command  
  19  1:31  Reaper  
  20  1:44  Command Center  
  20  1:55  Supply Depot, SCV  
  21  2:02  Marine  
  21  2:07  SCV  
  23  2:12  Factory  
  23  2:19  SCV  
  23  2:21  Refinery  
  24  2:24  Marine  
  25  2:31  SCV  
  26  2:42  Marine  
  26  2:43  SCV  
  28  2:55  Factory Tech Lab, SCV  
  28  2:58  Starport  
  28  2:59  Orbital Command  
  28  3:00  Barracks Reactor  
  28  3:07  SCV  
  30  3:20  SCV  
  30  3:25  SCV  
  30  3:26  Siege Tank  
  34  3:30  Supply Depot  
  34  3:32  SCV  
  35  3:37  SCV  
  35  3:38  Marine x2  
  35  3:39  Medivac  
  40  3:44  SCV  
  40  3:47  Supply Depot  
  41  3:49  SCV  
  42  3:57  SCV  
  42  4:02  Command Center  
  43  4:05  SCV  
  43  4:07  Siege Tank  
  43  4:09  SCV  
  48  4:10  Marine  
  48  4:11  Marine  
  48  4:16  Viking  
  52  4:18  SCV  
  52  4:21  SCV  
  52  4:23  Supply Depot  
  54  4:28  Marine x2  
  54  4:30  SCV  
  57  4:33  SCV  
  57  4:34  Engineering Bay  
  58  4:45  SCV x2  
  59  4:46  Siege Tank  
  59  4:50  Marine x2  
  63  4:57  SCV x2  
  64  5:03  Starport Tech Lab  
  64  5:06  Terran Infantry Weapons Level 1  
  64  5:07  Supply Depot  
  56  5:09  Refinery, SCV x2  
  56  5:11  Refinery  
  40  5:27  SCV x2, Orbital Command  
  40  5:39  SCV x2  
  42  5:51  SCV x2  
  42  5:52  Marine, Stimpack  
  42  5:54  Command Center  
  42  5:55  Medivac  
  47  5:57  SCV  
  47  6:03  SCV  
  49  6:07  SCV  
  49  6:11  Missile Turret  
  50  6:13  Marine  
  50  6:15  Missile Turret  
  50  6:16  SCV x2  
  53  6:20  SCV  
  54  6:26  Siege Tank  
  54  6:30  SCV  
  54  6:31  SCV  
  59  6:33  SCV  
  59  6:39  Marine, Barracks  
  61  6:45  Barracks, SCV  
  61  6:46  SCV  
  63  6:47  SCV  
  63  6:53  Orbital Command  
  64  6:56  Marine  
  64  6:58  Siege Tank  
  64  7:00  Terran Infantry Armor Level 1  
  64  7:01  Medivac x2  
  70  7:05  SCV x2  
  74  7:08  Orbital Command  
  74  7:17  SCV x2  
  76  7:24  SCV  
  76  7:29  Barracks Reactor, Sensor Tower, SCV x2  
  79  7:30  Siege Tank  
  79  7:32  Barracks  
  79  7:33  Barracks Reactor  
  79  7:35  SCV  
  79  7:36  Barracks  
  83  7:42  Armory  
  83  7:43  Engineering Bay  
  83  7:45  Missile Turret  
  83  7:47  Marine  
  83  7:49  SCV x2  
  83  7:50  SCV x2  
  88  7:54  Refinery  
  88  7:55  Refinery  
  88  7:57  Engineering Bay  
  85  8:15  Marine x3  
  85  8:16  Marine  
  89  8:25  Marine  
  92  8:28  Barracks Reactor x2  
  92  8:29  Siege Tank  
  92  8:33  Marine  
  94  8:38  Medivac  
  94  8:39  Marine x3, Medivac, Terran Infantry Weapons Level 2  
  101  8:42  Marine  
  101  8:46  Combat Shields  
  102  8:51  Marine, SCV x3  
  106  8:56  Marine  
  106  8:57  Marine  
  106  8:58  Supply Depot  
  106  8:59  Supply Depot  
  106  9:00  Factory  
  108  9:03  Refinery  
  108  9:11  Marine  
  108  9:12  Siege Tank  
  101  9:22  Marine x6  
  101  9:23  Marine x2  
  104  9:27  Terran Infantry Armor Level 2  
  104  9:29  Marine  
  104  9:30  Terran Vehicle Weapons Level 1  
  104  9:39  Marine  
  104  9:40  Marine x6  
  104  9:41  Marine  
  104  9:45  Siege Tank  
  114  9:47  Marine  
  114  9:48  Factory Tech Lab  
  115  9:57  Marine  
  115  9:58  Marine x6, Command Center  
  115  9:59  Marine  
  119  10:05  Marine  
  113  10:15  Marine x4  
  113  10:16  Marine x4  
  117  10:23  Marine  
  113  10:32  Siege Tank x2  
  113  10:33  Marine  
  120  10:37  Sensor Tower  
  120  10:44  Refinery  
  120  10:49  Marine  
  120  10:50  Marine x3  
  124  10:58  Supply Depot, Terran Infantry Weapons Level 3  
  124  11:00  Supply Depot  
  124  11:01  Supply Depot x2, Factory  
  124  11:02  Barracks Reactor, Supply Depot  
  124  11:03  Supply Depot  
  124  11:05  Marine x3  
  127  11:16  Siege Tank  
  127  11:17  Siege Tank  
  133  11:35  Marine  
  133  11:36  Marine x6  
  137  11:43  Terran Vehicle Weapons Level 2  
  137  11:46  Planetary Fortress  
  129  11:51  Marine x3  
  129  11:53  Marine x2, Siege Tank x2  
  129  11:54  Medivac x2  
  137  12:05  Sensor Tower  
  137  12:09  Sensor Tower  
  137  12:24  Medivac x2  
  141  12:30  Marine x10  
  141  12:32  Siege Tank x3  
  160  12:47  Terran Infantry Armor Level 3  
  160  12:48  Marine x3  
  157  12:52  Marine  
  157  12:53  Marine x6  
  124  13:06  Marine x3  
  124  13:10  Marine x4  
  124  13:12  Marine x3  
  134  13:23  Marine  
  134  13:24  Marine x2  
  137  13:28  Marine x4  
  137  13:30  Marine x2  
  139  13:41  Marine  
  139  13:42  Marine x3, Siege Tank  
  139  13:46  Marine x3  
  137  14:03  Sensor Tower  
  137  14:12  Medivac, Command Center  
  139  14:23  Siege Tank x2  
  145  14:25  Medivac  
  120  14:47  Marine  
  120  14:48  Marine x7, Siege Tank  
  120  14:49  Marine  
  120  14:51  Medivac  
  134  14:55  Terran Vehicle Weapons Level 3, Medivac  
  134  14:56  Siege Tank  
  139  15:03  Marine  
  139  15:05  Marine  
  139  15:06  Marine x6  
  147  15:16  Marine x2  
  147  15:20  Marine  
  150  15:23  Marine x5  
  150  15:27  Hi-Sec Auto Tracking, Building Armor  
  155  16:03  Marine  
  155  16:04  Marine x9, Siege Tank  
  159  16:05  Siege Tank x2  
  174  16:21  Marine x3  
  169  16:27  Medivac x2  
  169  16:30  Planetary Fortress  
  163  16:36  Marine x3  
  163  16:37  Marine x4  
  163  16:38  Sensor Tower  
  163  16:39  Marine  
  171  16:41  Barracks  
  171  16:42  Barracks  
  171  16:43  Barracks  
  171  16:52  Starport  
  171  16:57  Medivac x2  
  171  16:59  Marine x4  
  159  17:15  Marine x4  
  159  17:16  Marine x2, Siege Tank x2  
  159  17:21  Marine x4  
  173  17:33  Marine x5  
  173  17:34  Marine  
  179  17:38  Medivac x2  
  179  17:39  Marine x2  
  179  17:40  Starport Reactor  
  185  17:49  Refinery  
  185  17:51  Refinery  
  185  18:12  Missile Turret  
  185  18:16  Missile Turret  
  185  18:18  Missile Turret  
  168  18:51  Marine x5  
  168  18:52  Medivac x2  
  168  18:53  Marine x2, Medivac x2  
  168  18:54  Marine x6  
  187  19:09  Marine x4  
  184  19:11  Marine x4  
  184  19:12  Marine x2, Siege Tank x2  
  160  19:34  Marine x2  
  160  19:35  Marine x7, Siege Tank  
  160  19:36  Barracks Reactor  
  171  19:43  Marine x3  
  171  19:44  Siege Tank  
  177  19:52  Marine x7  
  184  20:06  Command Center  
  173  20:10  Command Center  
  163  20:20  Marine x10  
  180  20:21  Marine x4  
  184  20:33  Command Center  
Show
View Real Time Build Order
Export as new Build Order

Miszu Terran 

Build Orders: Reaper Expand 

Get SALT Encoding   

  12  0:01  SCV  
  13  0:13  SCV  
  14  0:17  Supply Depot  
  14  0:25  SCV  
  15  0:39  SCV  
  15  0:41  Barracks  
  16  0:47  Refinery  
  16  0:51  SCV  
  17  1:05  SCV  
  18  1:17  SCV  
  19  1:29  Reaper  
  19  1:30  Orbital Command  
  20  1:39  Command Center  
  20  1:49  Supply Depot  
  20  1:55  SCV  
  21  2:02  Barracks Reactor  
  21  2:06  Refinery  
  21  2:07  SCV  
  22  2:19  SCV  
  23  2:25  Factory  
  23  2:31  SCV  
  24  2:38  Marine x2  
  24  2:43  SCV  
  26  2:58  Marine  
  26  2:59  Marine  
  26  3:00  SCV  
  26  3:02  Orbital Command  
  29  3:09  Starport, Factory Tech Lab  
  29  3:13  SCV  
  29  3:16  Marine x2  
  32  3:25  SCV  
  33  3:28  Widow Mine  
  33  3:31  SCV  
  36  3:37  SCV  
  36  3:38  Marine  
  36  3:39  Marine  
  38  3:43  SCV  
  38  3:44  Engineering Bay  
  38  3:45  Supply Depot  
  38  3:46  Medivac  
  41  3:49  SCV  
  41  3:55  SCV  
  43  4:01  SCV  
  44  4:06  Cyclone  
  44  4:07  SCV  
  44  4:08  Supply Depot  
  49  4:11  Missile Turret  
  49  4:14  SCV  
  49  4:16  Missile Turret  
  50  4:17  Viking  
  50  4:22  SCV  
  53  4:31  SCV  
  53  4:34  Supply Depot  
  53  4:35  SCV  
  53  4:36  Missile Turret  
  53  4:37  Marine  
  56  4:43  SCV  
  50  4:52  Marine  
  45  4:54  SCV  
  45  4:55  Marine, SCV  
  47  5:06  SCV  
  43  5:07  SCV  
  43  5:10  Marine  
  43  5:18  SCV  
  43  5:19  SCV  
  39  5:30  SCV  
  39  5:31  Siege Tank  
  39  5:32  SCV  
  39  5:33  Command Center  
  40  5:36  Starport Reactor  
  40  5:42  SCV  
  41  5:44  SCV  
  42  5:50  Barracks  
  42  5:52  Barracks  
  42  5:54  SCV  
  42  5:56  SCV  
  44  5:58  Terran Infantry Weapons Level 1  
  44  6:01  Marine  
  44  6:03  Siege Tank  
  48  6:06  SCV  
  48  6:08  Marine, SCV  
  51  6:18  SCV  
  51  6:19  Marine, Refinery  
  51  6:20  Refinery, SCV  
  51  6:25  Barracks x2  
  54  6:30  SCV  
  54  6:32  SCV  
  56  6:35  Siege Tank  
  59  6:41  Barracks Tech Lab x2  
  59  6:42  SCV  
  59  6:44  SCV  
  59  6:45  Orbital Command  
  61  6:50  Medivac  
  61  6:51  Medivac  
  65  6:55  SCV  
  65  6:58  Marine  
  65  6:59  Marine  
  65  7:00  Stimpack  
  65  7:01  Combat Shields  
  68  7:03  SCV  
  69  7:08  SCV  
  69  7:11  Siege Tank  
  69  7:12  Orbital Command  
  69  7:13  Barracks Reactor x2  
  69  7:14  Marine  
  74  7:20  Medivac  
  74  7:21  Marine  
  77  7:27  Marine  
  77  7:28  Marine  
  79  7:30  Medivac  
  79  7:32  Marine  
  79  7:34  SCV  
  79  7:35  SCV  
  84  7:37  SCV  
  84  7:41  Supply Depot  
  84  7:42  Supply Depot  
  85  7:54  Terran Infantry Armor Level 1  
  85  8:03  Marine x3, Siege Tank, SCV x2  
  85  8:04  Marine x4, SCV  
  95  8:15  SCV x2  
  95  8:16  SCV  
  95  8:19  Marine  
  97  8:23  Marine  
  97  8:24  Marine  
  97  8:25  Marine  
  101  8:35  Supply Depot x2, Marine x3, Medivac  
  101  8:37  Marine x2  
  101  8:38  Medivac, Siege Tank, SCV x2  
  101  8:40  Marine  
  111  8:42  Marine x2  
  113  8:52  Marine x3  
  116  8:55  Marine  
  116  8:56  Marine  
  116  8:58  Marine  
  116  9:00  Refinery, Marine x2, Armory  
  116  9:01  Refinery  
  116  9:02  Engineering Bay  
  121  9:05  Medivac  
  123  9:11  SCV  
  98  9:23  Marine x8  
  101  9:33  Medivac, Siege Tank  
  101  9:34  SCV x2  
  108  9:41  Marine x8  
  116  9:49  Terran Infantry Weapons Level 2  
  116  9:51  Terran Infantry Armor Level 2  
  116  9:58  Marine  
  116  9:59  Marine x7  
  124  10:05  Hellion  
  123  10:16  Marine  
  123  10:17  Marine x7  
  102  10:29  Siege Tank  
  102  10:30  Medivac x2  
  102  10:32  SCV  
  102  10:33  SCV x2  
  102  10:34  Marine x2  
  102  10:35  Marine x4  
  116  10:36  Command Center, Terran Vehicle Weapons Level 1  
  116  10:41  Marine  
  117  10:45  Factory  
  117  10:47  SCV x2  
  117  10:48  SCV  
  120  10:59  Medivac, SCV  
  120  11:01  Siege Tank  
  120  11:03  Marine x2  
  120  11:04  Marine x3  
  129  11:05  Sensor Tower  
  129  11:10  Marine  
  129  11:11  Marine  
  133  11:26  Supply Depot x2  
  133  11:27  Marine x5, Reaper  
  139  11:34  Siege Tank  
  130  11:47  Marine  
  130  11:48  Marine x6  
  130  11:49  Factory Tech Lab  
  130  11:50  Medivac x2  
  137  11:59  Marine  
  137  12:05  Marine x2  
  137  12:06  Siege Tank  
  137  12:07  Sensor Tower  
  142  12:12  Siege Tank  
  142  12:13  Terran Infantry Weapons Level 3  
  142  12:15  Terran Infantry Armor Level 3  
  145  12:24  Planetary Fortress  
  145  12:25  SCV x3  
  145  12:27  Marine  
  145  12:28  Marine  
  145  12:29  Marine  
  151  12:35  Marine  
  151  12:37  SCV x3  
  151  12:38  Siege Tank  
  151  12:39  Marine  
  151  12:41  Marine  
  159  12:49  SCV x2  
  159  12:50  SCV  
  124  13:01  SCV  
  118  13:07  Siege Tank  
  118  13:08  Medivac x2  
  118  13:10  Siege Tank  
  128  13:18  Marine  
  128  13:19  Marine x2  
  125  13:20  Marine  
  125  13:22  Marine  
  125  13:23  Marine x3  
  123  13:36  Marine x2  
  123  13:37  Marine  
  123  13:38  Marine, Medivac x2  
  123  13:40  Marine, Siege Tank  
  123  13:41  Marine x3  
  117  13:54  Marine x3, Siege Tank  
  114  13:56  Marine  
  114  13:58  Marine x4  
  119  14:08  Medivac  
  121  14:12  Marine x3, Siege Tank  
  121  14:14  Marine  
  121  14:16  Marine x4  
  132  14:26  Siege Tank, Command Center  
  132  14:29  Marine  
  132  14:30  Marine x2  
  138  14:31  Marine  
  126  14:41  Marine  
  126  14:44  Siege Tank  
  109  14:51  Marine  
  109  14:52  Marine x6  
  114  14:55  Medivac  
  114  14:56  Medivac  
  114  14:58  Siege Tank  
  114  14:59  Marine  
  122  15:09  Marine  
  122  15:10  Marine x6, Terran Vehicle Weapons Level 2  
  122  15:13  Sensor Tower  
  129  15:16  Siege Tank  
  129  15:17  Marine  
  133  15:25  Medivac  
  133  15:27  Marine  
  133  15:28  Marine x6  
  142  15:30  Siege Tank  
  142  15:34  Marine  
  144  15:45  Marine x5  
  144  15:48  Marine, Siege Tank  
  153  15:56  Marine  
  154  15:58  Marine  
  154  16:02  Siege Tank  
  154  16:03  Marine x3  
  158  16:20  Siege Tank  
  158  16:37  Marine x8  
  158  16:38  Siege Tank  
  169  16:54  Marine  
  169  16:55  Marine x6  
  119  17:10  Marine  
  119  17:12  Marine  
  119  17:13  Marine x6  
  121  17:19  Siege Tank  
  121  17:21  Siege Tank  
  124  17:28  Marine  
  125  17:30  Marine  
  125  17:31  Marine x6  
  132  17:46  Marine  
  132  17:48  Marine x3  
  132  17:49  Marine x4  
  132  17:51  Siege Tank  
  143  17:53  Siege Tank  
  146  18:03  Marine  
  147  18:06  Marine x3  
  119  19:19  Marine  
  119  19:20  Marine x4  
  105  19:29  Siege Tank  
  108  19:32  Starport, Barracks  
  108  19:33  Barracks  
  108  19:37  Marine x5  
  98  19:55  Marine x5  
  100  20:01  Siege Tank  
  101  20:12  Marine  
  101  20:13  Marine x4  
  103  20:23  Marine x2  
Tags
 
Add a new tag
Caveats
  • Supply blocks, unpowered buildings, or Contaminate may cause inaccurate times.
  • Supply counts are checked every 10 seconds.